 Dungeon Crawl Stone Soup version 0.19.5 (webtiles) character file.

54 JeffiDaFish the Grave Robber (level 4, -1/24 HPs)
             Began as a Kobold Necromancer on Mar 11, 2017.
             Slain by a worm (5 damage)
             ... on level 2 of the Dungeon.
             The game lasted 00:09:53 (1903 turns).

JeffiDaFish the Grave Robber (Kobold Necromancer)   Turns: 1903, Time: 00:09:54

Health: -1/24      AC:  3    Str:  5    XL:     4   Next: 12%
Magic:  4/7        EV: 15    Int: 16    God:
Gold:   35         SH:  0    Dex: 20    Spells: 2 memorised, 6 levels left

rFire  . . .     SeeInvis .     f - +0 short sword
rCold  . . .     Gourm    .     h - +0 leather armour
rNeg   . . .     Faith    .     (shield restricted)
rPois  .         Spirit   .     (no helmet)
rElec  .         Reflect  .     (no cloak)
rCorr  +         Harm     .     (no gloves)
MR     .....                    (no boots)
Stlth  +++.......               (no amulet)
                                e - +4 ring of dexterity
                                d - ring of resist corrosion

@: no status effects
A: carnivore 3
a: no special abilities


You were on level 2 of the Dungeon.
You were completely stuffed.

You visited 1 branch of the dungeon, and saw 2 of its levels.

You collected 35 gold pieces.

Inventory:

Hand Weapons
 f - a +0 short sword (weapon)
Armour
 h - a +0 leather armour (worn)
Jewellery
 d - a ring of resist corrosion (left hand)
 e - a +4 ring of dexterity (right hand)
Books
 b - a book of Necromancy

   Spells                             Type                      Level
   a - Pain                           Necromancy                   1
   b - Animate Skeleton               Necromancy                   1
   c - Vampiric Draining              Necromancy                   3
   d - Regeneration                   Charms/Necromancy            3
   e - Animate Dead                   Necromancy                   4
   f - Control Undead                 Necromancy                   4
Comestibles
 a - 4 chunks of flesh
 c - 2 meat rations


   Skills:
 + Level 0.7 Fighting
 + Level 0.6 Short Blades
 + Level 2.8 Dodging
 * Level 3.3 Stealth
 - Level 0.2 Unarmed Combat
 * Level 2.5 Spellcasting
 * Level 4.6 Necromancy


You had 6 spell levels left.
You knew the following spells:

 Your Spells              Type           Power        Failure   Level  Hunger
a - Pain                  Necr           ###.         6%          1    #......
b - Animate Skeleton      Necr           N/A          6%          1    #......


Dungeon Overview and Level Annotations

Branches:
Dungeon (2/15)

Altars:


Innate Abilities, Weirdness & Mutations

You are small and have problems with some larger weapons.
You are carnivorous and can eat meat at any time.


Message History

Aiming: Pain
Press: ? - help, Shift-Dir - straight line, f/p - worm
Aim: a worm (heavily wounded, chance to defeat MR: 81%)
The bat writhes in agony!
You kill the bat!
Your goblin skeleton hits the worm.
You aren't carrying any potions.
Okay, then.
Casting: Pain
Confirm with . or Enter, or press ? or * to list all spells.
Aiming: Pain
Press: ? - help, Shift-Dir - straight line, f/p - worm
Aim: a worm (heavily wounded, chance to defeat MR: 81%)
The worm writhes in agony!
Your goblin skeleton hits the worm.
You hit the worm.
The worm is almost dead.
The hobgoblin hits your goblin skeleton with a club.
Your goblin skeleton barely misses the hobgoblin.
The worm bites you.
You die...

#.........##
#######.......#
#.........#
#.......###...#
#.........#
#..............
#.........#
#.......#######
#.........#
###.##### #....#
#########.#####.#
#.........#.....#
#....@w.........#
#.....Zg..#.....#
#.........#.....#
#.........# ....#
#.........# ....#
#.........# ...#
#.........# ...#
###########


You could see a worm, a hobgoblin and a friendly goblin skeleton.

Vanquished Creatures
  2 adders (D:2)
  A leopard gecko (D:2)
  4 giant cockroaches
  7 goblins
  6 hobgoblins
  A kobold (D:1)
  A quokka (D:2)
  A ball python (D:1)
  2 bats
  3 frilled lizards
  7 rats (D:1)
35 creatures vanquished.

Vanquished Creatures (collateral kills)
  A goblin (D:1)
1 creature vanquished.

Grand Total: 36 creatures vanquished

Notes
Turn   | Place    | Note
-------+----------+-------------------------------------------
     0 | D:1      | JeffiDaFish the Kobold Necromancer began the quest for the Orb.
     0 | D:1      | Reached XP level 1. HP: 10/10 MP: 3/3
   215 | D:1      | Learned a level 1 spell: Animate Skeleton
   316 | D:1      | Reached XP level 2. HP: 14/15 MP: 1/5
   906 | D:1      | Reached XP level 3. HP: 13/19 MP: 0/6
  1784 | D:2      | Reached XP level 4. HP: 23/24 MP: 7/7
  1903 | D:2      | Slain by a worm

Skill      XL: |  1  2  3 |
---------------+----------+-----
Stealth        | 3 |  3.3
Fighting       | |  0.7
Short Blades   | |  0.6
Dodging        | |  2.8
Unarmed Combat | |  0.2
Spellcasting   | |  2.5
Necromancy     | |  4.6

Action                   |  1- 3 |  4- 6 || total
-------------------------+-------+-------++-------
Melee: Unarmed           |    17 |       ||    17
       Short sword       |    54 |    21 ||    75
 Cast: Pain              |    33 |     7 ||    40
       Animate Skeleton  |    11 |     1 ||    12
  Use: Scroll            |     3 |       ||     3
       Potion            |     1 |       ||     1
 Stab: Sleeping          |     2 |       ||     2
  Eat: Chunk             |    12 |       ||    12
Armor: Robe              |     2 |       ||     2
       Leather armour    |     7 |    14 ||    21
Dodge: Dodged            |    55 |    38 ||    93
